 Dungeon Crawl Stone Soup version 0.31-a0-978-g1e143483b6 (webtiles) character file.

Game seed: 7020332554294059717

217 Arzdou the Changeling (level 5, 0/39 HPs)
             Began as a Merfolk Shapeshifter on Oct 30, 2023.
             Was a Believer of Qazlal.
             Killed from afar by an orc wizard (12 damage)
             ... with a puff of flame
             ... on level 4 of the Dungeon.
             The game lasted 00:04:53 (2920 turns).

Arzdou the Changeling (Merfolk Shapeshifter)        Turns: 2920, Time: 00:04:54

Health: 0/39       AC:  6    Str: 14    XL:     5   Next: 94%
Magic:  5/5        EV:  5    Int: 15    God:    Qazlal [**....]
Gold:   238        SH:  0    Dex: 16    Spells: 4/4 levels left

rFire   . . .        q - +0 short sword
rCold   . . .        h - +0 tower shield
rNeg    . . .        e - +0 scale mail
rPois   .            (helmet currently unavailable)
rElec   .            (cloak currently unavailable)
rCorr   .            (gloves currently unavailable)
SInv    +            (boots currently unavailable)
Will    .....        (no amulet) Stlth
                     g - +6 ring of intelligence
HPRegen 0.26/turn    (no ring)
MPRegen 0.09/turn

%: no passive effects
@: confused, brilliant, beast-form, ambrosia-drunk
A: beast (slay +4), (nimble swimmer 2), mertail, see invisible
a: Begin Untransformation, Renounce Religion, Upheaval


You were on level 4 of the Dungeon.
You worshipped Qazlal.
Qazlal was pleased with you.
You were a hulking beast.
You visited 1 branch of the dungeon, and saw 4 of its levels.

You collected 238 gold pieces.

Inventory:

Hand Weapons
 k - a +0 dagger
 q - a +0 short sword (weapon)
Missiles
 b - a throwing net
Armour
 a - a +0 animal skin
 e - a +0 scale mail (worn)
 h - a +0 tower shield (worn)
Jewellery
 g - a +6 ring of intelligence (left hand)
Talismans
 c - a beast talisman
 d - a flux talisman
Scrolls
 f - a scroll of fear {unknown}
 j - a scroll of enchant armour {unknown}
 l - a scroll of amnesia {unknown}
 m - a scroll of blinking {unknown}
 n - 3 scrolls of teleportation {unknown}
 p - 2 scrolls of torment {unknown}
 s - a scroll of noise {unknown}
 t - a scroll of revelation {unknown}
 u - a scroll of vulnerability {unknown}
 v - 3 scrolls of identify {unknown}
Potions
 o - a potion of brilliance


   Skills:
 + Level 2.4 Fighting
 - Level 2.6 Dodging
 + Level 1.8 Shields
 - Level 3.2 Unarmed Combat
 - Level 7.0 Shapeshifting


You had 4 spell levels left.
You didn't know any spells.
Your spell library contained the following spells:

 Spells                   Type           Power      Damage    Failure   Level
 Sting                    Tmut/Pois      0%         1d3       100%        1
 Poisonous Vapours        Pois/Air       0%         N/A       100%        2
 Olgreb's Toxic Radiance  Pois           0%         N/A       100%        4


Dungeon Overview and Level Annotations

Branches:
Dungeon (4/15)
 Temple: D:4-7

Altars:
Qazlal
Xom


Innate Abilities, Weirdness & Mutations

You are a hulking beast.
Your limbs bulge with bestial killing power. (Slay +4)
((You are very nimble when in or above water. (Stealth+, EV+, Speed+++)))
Your lower body shifts to a powerful aquatic tail in water.
You have supernaturally acute eyesight. (SInv)


Message History

* * * LOW HITPOINT WARNING * * *
You block the iguana's attack.
You completely miss the iguana.
The iguana is almost dead.
The iguana bites you but does no damage.
You hit the iguana but do no damage.
The iguana is almost dead.
The iguana bites you.
* * * LOW HITPOINT WARNING * * *
You barely miss the iguana.
The iguana is almost dead.
You block the iguana's attack. x2
You hit the iguana.
You kill the iguana!
Qazlal accepts your kill.
You closely miss something. You block something's attack.
You hear some strange, mumbled words.
You are confused.
You miss something. Something hits you.
* * * LOW HITPOINT WARNING * * *
Unknown command.
You bump into the rock wall.
Something hits you but does no damage.
It was a potion of brilliance.
You feel clever all of a sudden. Something hits you.
* * * LOW HITPOINT WARNING * * *
It was a potion of mutation.
You feel extremely strange.
Your vision sharpens.
Reactivating autopickup.
The orc wizard hits you with a +0 dagger.
* * * LOW HITPOINT WARNING * * *
It was a potion of ambrosia.
You are more confused.
You feel invigorated.
The orc wizard hits you with a +0 dagger.
* * * LOW HITPOINT WARNING * * *
The orc wizard hits you but does no damage.
The orc wizard gestures at you while chanting.
The puff of flame hits you!
You die...

........#...##
....<........
............
<..........
..........
........
#...########.
#..Soh.......
##..#########
#... #..##
.$.. ###.# ...
#.#


You could see an orc wizard (invisible) and a ball python.

Vanquished Creatures
  An iguana (D:4)
  8 gnolls
  4 adders
  A dart slug (D:1)
  3 orcs (D:3)
  10 ball pythons
  A bat (D:2)
  6 endoplasms
  2 giant cockroaches
  6 goblins
  3 hobgoblins
  4 jackals
  4 quokkas
  8 frilled lizards
  8 kobolds
  6 rats
75 creatures vanquished.

Notes
Turn   | Place    | Note
-------+----------+-------------------------------------------
     0 | D:1      | Arzdou the Merfolk Shapeshifter began the quest for the
                  | Orb.
     0 | D:1      | Reached XP level 1. HP: 15/15 MP: 1/1
   133 | D:1      | Reached XP level 2. HP: 21/21 MP: 2/2
   381 | D:1      | Reached skill level 5 in Shapeshifting
   413 | D:1      | Reached XP level 3. HP: 7/26 MP: 3/3
   970 | D:2      | Reached skill level 6 in Shapeshifting
   970 | D:2      | Reached XP level 4. HP: 20/32 MP: 4/4
  1916 | D:3      | Found a faded altar of an unknown god.
  1931 | D:3      | HP: 1/32 [kobold/+0 short sword (4)]
  1940 | D:3      | Prayed at the altar of an unknown god.
  1940 | D:3      | Became a worshipper of Qazlal Stormbringer
  1940 | D:3      | Reached * piety under Qazlal
  2100 | D:3      | Reached XP level 5. HP: 32/37 MP: 5/5
  2108 | D:3      | Reached skill level 7 in Shapeshifting
  2389 | D:3      | Reached skill level 1 in Shields
  2729 | D:3      | Reached ** piety under Qazlal
  2740 | D:3      | Found a shimmering altar of Xom.
  2917 | D:4      | Gained mutation: You have supernaturally acute eyesight.
                  | (SInv) [potion of mutation]
  2917 | D:4      | HP: 1/39 [orc wizard/+0 dagger (3)]
  2920 | D:4      | Killed from afar by an orc wizard

Illustrated notes

Levels and vault maps discovered:
D:1:      minmay_arrival_plants_in_alcoves, layout_basic
D:2:      layout_basic
D:3:      layout_loops_ring, tgw_xom, ebering_ecumenical_altar_webs
D:4:      layout_basic, uniq_edmund

Skill      XL: |  1  2  3  4  5 |
---------------+----------------+-----
Shapeshifting  | 5 6 7 |  7.0
Shields        | 1 |  1.8
Fighting       | 2 |  2.4
Dodging        | |  2.6
Unarmed Combat | |  3.2

Action                     |  1- 3 |  4- 6 || total
---------------------------+-------+-------++-------
  Melee: Unarmed           |    56 |       ||    56
         Dagger            |    44 |    83 ||   127
         Short sword       |       |   126 ||   126
    Use: Potion            |     2 |     4 ||     6
 Armour: Scale mail        |    54 |   146 ||   200
         Skin              |    16 |       ||    16
  Dodge: Dodged            |    19 |    34 ||    53
  Block: Tower shield      |    44 |   210 ||   254

Table legend: (Time is in decaauts)
 A = Elapsed time spent in this place.
 B = Non-inter-level travel time spent in this place.
 C = Inter-level travel time spent in this place.
 D = Time resting spent in this place.
 E = Time spent auto-exploring this place.
 F = Levels seen in this place.
 G = Mean time per level.
                   A        B        C        D        E       F      G
               +--------+--------+--------+--------+--------+-----+--------+
         Total |   3043 |   2921 |    122 |    122 |   2090 |   4 |  760.8 |
       Dungeon |   3043 |   2921 |    122 |    122 |   2090 |   4 |  760.8 |
               +--------+--------+--------+--------+--------+-----+--------+

Top non-repeatable levels by time:
     D:2: 1088 daAuts
     D:3: 1040 daAuts
     D:1: 848 daAuts
     D:4: 66 daAuts
